 Dungeon Crawl Stone Soup version 0.31-a0-182-gc5ef74bbde (webtiles) character file.

Game seed: 3091411156680904843

4753 qw the Cleaver (level 10, -11/64 HPs)
             Began as a Gargoyle Fighter on June 20, 2023.
             Was a Priest of Okawaru.
             Mangled by a white ugly thing (25 damage)
             ... on level 10 of the Dungeon.
             The game lasted 00:03:55 (7036 turns).

qw the Cleaver (Gargoyle Fighter)                   Turns: 7036, Time: 00:03:56

Health: -11/64     AC: 27    Str: 20 (23) XL:     10   Next: 46%
Magic:  11/13      EV:  8    Int:  8 (10) God:    Okawaru [***...]
Gold:   573        SH:  5    Dex:  7 (9)  Spells: 9/9 levels left

rFire   . . .        Y - +1 war axe
rCold   . . .        c - +0 buckler
rNeg    + . .        i - +0 plate armour
rPois   inf          r - +2 helmet
rElec   +            n - +0 cloak
rCorr   +            (no gloves)
SInv    +            (no boots)
Will    .....        t - amulet of regeneration Stlth
                     e - ring of see invisible
HPRegen 1.10/turn    j - ring of resist corrosion
MPRegen 0.13/turn

%: no passive effects
@: heroic
A: sickness immunity, AC +7, negative energy resistance 1, electricity
resistance, torment resistance 1, petrification resistance
a: Renounce Religion, Heroism


You were on level 10 of the Dungeon.
You worshipped Okawaru.
Okawaru was most pleased with you.
You visited 2 branches of the dungeon, and saw 10 of its levels.
You also visited: Sewer.

You collected 573 gold pieces.


Innate Abilities, Weirdness & Mutations

You are immune to sickness and miasma.
Your stone body is resilient. (AC +7)
You are immune to poison.
You resist negative energy. (rN+)
You are resistant to electric shocks. (rElec)
You are resistant to unholy torment.
You are immune to petrification.


   Skills:
 - Level 8.0(13.0) Fighting
 - Level 10.1(15.1) Axes
 - Level 2.0(7.0) Throwing
 + Level 6.9(11.9) Armour
 - Level 1.7(6.7) Dodging
 - Level 4.3(9.3) Shields
 - Level 4.3 Invocations


You had 9 spell levels left.
You didn't know any spells.
Your spell library was empty.

Inventory:

Hand Weapons
 m - a +0 flail of holy wrath
 o - a +2 flail of protection
 Y - a +1 war axe (weapon)
Missiles
 l - 5 boomerangs (quivered)
Armour
 c - a +0 buckler (worn)
 i - a +0 plate armour (worn)
 n - a +0 cloak (worn)
 r - a +2 helmet (worn)
Jewellery
 e - a ring of see invisible (left hand)
 j - a ring of resist corrosion (right hand)
 t - an amulet of regeneration (around neck)
Wands
 a - a wand of digging (3)
Scrolls
 g - 4 scrolls of teleportation
 h - 2 scrolls of identify
Potions
 b - 4 potions of curing
 d - a potion of might
 k - 2 potions of mutation
 p - a potion of attraction
 q - 2 potions of enlightenment
 u - a potion of cancellation

Dungeon Overview and Level Annotations

Branches:
Dungeon (10/15)            Temple (1/1) D:4           Sewer (visited)
   Lair: D:8-11         Orc: D:9-12

Altars:
Ashenzari
Cheibriados
Dithmenos
Elyvilon
Fedhas
Gozag
Hepliaklqana
Kikubaaqudgha
Makhleb
Nemelex Xobeh
Okawaru
Qazlal
Ru
Sif Muna
Trog
Uskayaw
Vehumet
Wu Jian
Xom
Yredelemnul
Zin
The Shining One

Shops:
D:1 =   D:2 :


Message History

It was a potion of degeneration.
There was something very wrong with that liquid.
You feel weakened.
You feel dopey.
You feel clumsy.
A hornet comes into view.
You throw a boomerang. The boomerang barely misses the hornet.
You throw a boomerang.
The boomerang closely misses the hornet.
7029 ||| DROPPING potion of degeneration.
You drop a potion of degeneration.
You throw a boomerang.
The boomerang closely misses the hornet.
You miss the hornet. You block the hornet's attack.
A white ugly thing comes into view.
You block the hornet's attack.
7032 ||| INVOKING Heroism.
You gain the combat prowess of a mighty hero.
The hornet stings you but does no damage.
You slash the hornet!
The hornet is moderately wounded.
The hornet closely misses you.
The hornet stings you but does no damage.
You hit the hornet but do no damage.
The hornet is moderately wounded.
You slash the white ugly thing!
You block the white ugly thing's attack.
The hornet stings you.
An orc warrior comes into view. It is wielding a +0 hand axe.
You slash the hornet!
The hornet is severely wounded.
You hit the white ugly thing. You block the hornet's attack.
The white ugly thing stings you! The white ugly thing freezes you!!
Ouch! That really hurt!
You slash the hornet!
You kill the hornet!
Okawaru accepts your kill.
You barely miss the white ugly thing. The white ugly thing stings you!
The white ugly thing freezes you!!
You die...

. ########. ...
#........
###..###@###
........u..#
.#...###o#......
#. ..#..##.#
.... <# ........
...###.### ....
.# ..... ##


You could see a white ugly thing and an orc warrior.

Vanquished Creatures
  2 hornets
  5 yaks (D:8)
  Menkaure (D:6)
  2 water moccasins
  A black bear (D:6)
  An orc warrior (D:6)
  2 sky beasts
  2 ogres
  7 centaurs
  2 phantoms
  A kobold brigand (D:6)
  4 bullfrogs
  5 scorpions
  6 wights (D:8)
  9 killer bees (D:8)
  2 hounds
  4 orc priests
  A gnoll bouda (D:8)
  2 iguanas
  A sleepcap (D:4)
  Ijyb (D:4)
  Natasha (thrice) (D:3)
  Terence (D:2)
  10 orc wizards
  13 adders
  4 gnolls (D:8)
  A shadow imp (D:5)
  2 worms (D:2)
  23 orcs
  4 bats
  10 endoplasms
  14 giant cockroaches
  4 goblins
  5 hobgoblins
  6 jackals
  11 kobolds
  9 quokkas
  24 ball pythons
  9 frilled lizards
  4 rats
218 creatures vanquished.

Notes
Turn   | Place    | Note
-------+----------+-------------------------------------------
     0 | D:1      | qw the Gargoyle Fighter began the quest for the Orb.
     0 | D:1      | Reached XP level 1. HP: 14/14 MP: 1/1
     0 | D:1      | 0 ||| qw: Version: 0.3-a-9-g12657ce
     0 | D:1      | 0 ||| qw: Game counter: 1279
     0 | D:1      | 0 ||| qw: Always use a shield: true
     0 | D:1      | 0 ||| qw: God list: Okawaru
     0 | D:1      | 0 ||| qw: Allow faded altars: false
     0 | D:1      | 0 ||| qw: Do Orc after D:15 true
     0 | D:1      | 0 ||| qw: Do second Lair branch before Depths: true
     0 | D:1      | 0 ||| qw: Lair rune preference: random
     0 | D:1      | 0 ||| qw: Plans: Normal, Zot:1-4, Slime:5, God:TSO, Crypt,
                  | Tomb, Abyss, Pan, Hells, Win
     0 | D:1      | 0 ||| PLANNING D:1-11
    26 | D:1      | Reached skill level 2 in Axes
    27 | D:1      | 27 ||| Stepping ~*~*~tactically~*~*~ (stealth).
    96 | D:1      | Reached XP level 2. HP: 19/19 MP: 2/2
    96 | D:1      | Found Baskucsi's Jewellery Shop.
   105 | D:1      | 105 ||| SHOPLISTING +5 ring of evasion (468 gold, have 13).
   105 | D:1      | 105 ||| SHOPLISTING amulet of regeneration (390 gold, have
                  | 13).
   105 | D:1      | 105 ||| SHOPLISTING ring "Fyre" {rPois rC+ EV+5 Str-2
                  | Int+4} (759 gold, have 13).
   105 | D:1      | 105 ||| SHOPLISTING ring of positive energy (260 gold, have
                  | 13).
   105 | D:1      | 105 ||| SHOPLISTING ring of protection from cold (325 gold,
                  | have 13).
   105 | D:1      | 105 ||| SHOPLISTING ring of protection from fire (325 gold,
                  | have 13).
   545 | D:1      | 545 ||| Stepping ~*~*~tactically~*~*~ (stealth).
   559 | D:1      | Reached skill level 3 in Axes
   589 | D:1      | 589 ||| Stepping ~*~*~tactically~*~*~ (hiding).
   590 | D:1      | 590 ||| Stepping ~*~*~tactically~*~*~ (hiding).
   591 | D:1      | 591 ||| Stepping ~*~*~tactically~*~*~ (hiding).
   597 | D:1      | Reached XP level 3. HP: 23/23 MP: 3/3
   699 | D:1      | 699 ||| DROPPING +0 club.
   923 | D:1      | 923 ||| UPGRADING to +0 plate armour.
   933 | D:1      | 933 ||| DROPPING +0 scale mail.
   934 | D:1      | 934 ||| UPGRADING to ring of see invisible.
   935 | D:1      | 935 ||| READING 3 scrolls labelled WALIYH MIGAWN.
   936 | D:1      | 936 ||| READING 2 scrolls labelled XYICLA YXOUH URUF.
   939 | D:1      | 939 ||| READING scroll labelled RURHID NIGG.
   940 | D:1      | 940 ||| READING scroll labelled PIETODD GIOM.
   941 | D:1      | 941 ||| READING scroll labelled ESEITH KATUE.
   942 | D:1      | 942 ||| DROPPING 2 scrolls of vulnerability.
   988 | D:2      | 988 ||| Stepping ~*~*~tactically~*~*~ (stealth).
   989 | D:2      | 989 ||| Stepping ~*~*~tactically~*~*~ (stealth).
   991 | D:2      | 991 ||| Stepping ~*~*~tactically~*~*~ (stealth).
   993 | D:2      | 993 ||| Stepping ~*~*~tactically~*~*~ (stealth).
   994 | D:2      | 994 ||| Stepping ~*~*~tactically~*~*~ (stealth).
  1020 | D:2      | Noticed Terence
  1026 | D:2      | Killed Terence
  1027 | D:2      | Reached XP level 4. HP: 28/28 MP: 4/4
  1040 | D:2      | 1040 ||| DROPPING +0 whip.
  1237 | D:2      | Found Soelits's Book Emporium.
  1240 | D:2      | Reached skill level 4 in Axes
  1244 | D:2      | 1244 ||| FLEEEEING.
  1283 | D:2      | 1283 ||| READING scroll labelled ZIKKI COFEO.
  1576 | D:2      | 1576 ||| DROPPING scarf of harm.
  1594 | D:3      | Noticed Natasha
  1601 | D:3      | Killed Natasha
  1632 | D:3      | Reached XP level 5. HP: 32/32 MP: 5/5
  1638 | D:3      | 1638 ||| Stepping ~*~*~tactically~*~*~ (stealth).
  1639 | D:3      | 1639 ||| Stepping ~*~*~tactically~*~*~ (stealth).
  1644 | D:3      | 1644 ||| Stepping ~*~*~tactically~*~*~ (hiding).
  1660 | D:3      | 1660 ||| Stepping ~*~*~tactically~*~*~ (stealth).
  1724 | D:3      | Noticed Natasha
  1725 | D:3      | 1725 ||| Stepping ~*~*~tactically~*~*~ (stealth).
  1734 | D:3      | Killed Natasha
  1760 | D:3      | Reached skill level 5 in Axes
  1792 | D:3      | 1792 ||| Stepping ~*~*~tactically~*~*~ (stealth).
  1793 | D:3      | 1793 ||| Stepping ~*~*~tactically~*~*~ (stealth).
  1814 | D:3      | 1814 ||| Stepping ~*~*~tactically~*~*~ (hiding).
  1822 | D:3      | Reached XP level 6. HP: 37/38 MP: 6/6
  1822 | D:3      | 1822 ||| Stepping ~*~*~tactically~*~*~ (stealth).
  2202 | D:3      | 2202 ||| DROPPING +0 flail.
  2273 | D:3      | Noticed Natasha
  2274 | D:3      | 2274 ||| Stepping ~*~*~tactically~*~*~ (stealth).
  2287 | D:3      | Killed Natasha
  2447 | D:3      | 2447 ||| READING scroll labelled PUOSMO MEOXAL.
  2448 | D:3      | 2448 ||| READING 3 scrolls of identify.
  2448 | D:3      | 2448 ||| IDENTIFYING white potion
  2449 | D:3      | 2449 ||| READING 2 scrolls of identify.
  2449 | D:3      | 2449 ||| IDENTIFYING orange potion
  2460 | D:4      | 2460 ||| PLANNING SEWER
  2589 | D:4      | Found a glowing drain.
  2598 | Sewer    | Entered a sewer
  2618 | Sewer    | 2618 ||| Stepping ~*~*~tactically~*~*~ (water).
  2624 | Sewer    | 2624 ||| Stepping ~*~*~tactically~*~*~ (water).
  2632 | Sewer    | 2632 ||| Stepping ~*~*~tactically~*~*~ (water).
  2646 | Sewer    | 2646 ||| Stepping ~*~*~tactically~*~*~ (water).
  2651 | Sewer    | 2651 ||| Stepping ~*~*~tactically~*~*~ (water).
  2674 | Sewer    | 2674 ||| Stepping ~*~*~tactically~*~*~ (water).
  2681 | Sewer    | 2681 ||| Stepping ~*~*~tactically~*~*~ (water).
  2694 | Sewer    | 2694 ||| Stepping ~*~*~tactically~*~*~ (water).
  2709 | Sewer    | 2709 ||| Stepping ~*~*~tactically~*~*~ (water).
  2758 | Sewer    | 2758 ||| Stepping ~*~*~tactically~*~*~ (water).
  2800 | Sewer    | Reached skill level 6 in Axes
  2825 | Sewer    | 2825 ||| Stepping ~*~*~tactically~*~*~ (stealth).
  2843 | Sewer    | 2843 ||| Stepping ~*~*~tactically~*~*~ (water).
  2917 | Sewer    | Reached XP level 7. HP: 34/43 MP: 7/7
  2976 | D:4      | 2976 ||| PLANNING D:1-11
  3076 | D:4      | Noticed Ijyb
  3100 | D:4      | Killed Ijyb
  3174 | D:4      | Found a staircase to the Ecumenical Temple.
  3175 | D:4      | 3175 ||| PLANNING TEMPLE
  3175 | D:4      | 3175 ||| READING scroll labelled XYELEA OFAO.
  3186 | Temple   | Entered the Ecumenical Temple
  3429 | Temple   | 3429 ||| PLANNING OKAWARU WORSHIP
  3596 | Temple   | Became a worshipper of Warmaster Okawaru
  3597 | Temple   | 3597 ||| PLANNING D:1-11
  3771 | D:4      | 3771 ||| DRINKING 3 potions of curing.
  3771 | D:4      | 3771 ||| (to cure confusion)
  3778 | D:4      | Reached skill level 7 in Axes
  4161 | D:4      | 4161 ||| UPGRADING to ring of resist corrosion.
  4182 | D:5      | Entered Level 5 of the Dungeon
  4378 | D:5      | HP: 11/44 [ogre/+0 giant club (9)]
  4379 | D:5      | 4379 ||| READING 4 scrolls of teleportation.
  4380 | D:5      | 4380 ||| DRINKING 2 potions of heal wounds.
  4488 | D:5      | 4488 ||| Stepping ~*~*~tactically~*~*~ (hiding).
  4594 | D:5      | Reached skill level 1 in Dodging
  4594 | D:5      | Reached XP level 8. HP: 48/49 MP: 8/8
  4687 | D:5      | Reached skill level 1 in Throwing
  4720 | D:5      | 4720 ||| READING scroll labelled YBUNOR YHIL.
  4721 | D:5      | 4721 ||| READING 2 scrolls of identify.
  4721 | D:5      | 4721 ||| IDENTIFYING fizzy inky potion
  4722 | D:5      | 4722 ||| DROPPING potion of brilliance.
  4795 | D:6      | 4795 ||| Stepping ~*~*~tactically~*~*~ (stealth).
  4813 | D:6      | Reached * piety under Okawaru
  4831 | D:6      | 4831 ||| Stepping ~*~*~tactically~*~*~ (stealth).
  4841 | D:6      | Reached skill level 1 in Invocations
  4959 | D:6      | Reached skill level 8 in Axes
  5076 | D:6      | Reached skill level 3 in Invocations
  5158 | D:6      | Reached ** piety under Okawaru
  5245 | D:6      | 5245 ||| Stepping ~*~*~tactically~*~*~ (hiding).
  5246 | D:6      | 5246 ||| Stepping ~*~*~tactically~*~*~ (hiding).
  5256 | D:6      | Reached XP level 9. HP: 55/55 MP: 11/11
  5312 | D:6      | Reached skill level 6 in Fighting
  5316 | D:6      | Noticed Menkaure
  5317 | D:6      | 5317 ||| INVOKING Heroism.
  5322 | D:6      | Killed Menkaure
  5518 | D:6      | 5518 ||| INVOKING Heroism.
  5664 | D:6      | 5664 ||| UPGRADING to +0 cloak.
  5669 | D:6      | 5669 ||| UPGRADING to +2 helmet.
  5674 | D:6      | 5674 ||| DRINKING 2 amethyst potions.
  5675 | D:6      | 5675 ||| READING 2 scrolls of identify.
  5675 | D:6      | 5675 ||| IDENTIFYING silvery potion
  5686 | D:7      | 5686 ||| Stepping ~*~*~tactically~*~*~ (hiding).
  5723 | D:7      | 5723 ||| Stepping ~*~*~tactically~*~*~ (stealth).
  5725 | D:7      | 5725 ||| Stepping ~*~*~tactically~*~*~ (hiding).
  5726 | D:7      | 5726 ||| Stepping ~*~*~tactically~*~*~ (hiding).
  5830 | D:7      | 5830 ||| Stepping ~*~*~tactically~*~*~ (stealth).
  5853 | D:7      | 5853 ||| Stepping ~*~*~tactically~*~*~ (stealth).
  5858 | D:7      | 5858 ||| INVOKING Heroism.
  5861 | D:7      | 5861 ||| Stepping ~*~*~tactically~*~*~ (hiding).
  5862 | D:7      | 5862 ||| Stepping ~*~*~tactically~*~*~ (hiding).
  5863 | D:7      | 5863 ||| Stepping ~*~*~tactically~*~*~ (hiding).
  5914 | D:7      | 5914 ||| Stepping ~*~*~tactically~*~*~ (hiding).
  5915 | D:7      | 5915 ||| Stepping ~*~*~tactically~*~*~ (hiding).
  5922 | D:7      | Reached skill level 9 in Axes
  6164 | D:7      | Found a shimmering blue altar of Sif Muna.
  6223 | D:7      | 6223 ||| INVOKING Heroism.
  6440 | D:7      | 6440 ||| UPGRADING to amulet of regeneration.
  6445 | D:7      | 6445 ||| DRINKING 2 fizzy orange potions.
  6446 | D:7      | 6446 ||| READING 2 scrolls of identify.
  6446 | D:7      | 6446 ||| IDENTIFYING fuming purple potion
  6447 | D:7      | 6447 ||| DROPPING potion of invisibility.
  6548 | D:8      | 6548 ||| INVOKING Heroism.
  6552 | D:8      | Reached skill level 6 in Armour
  6555 | D:8      | HP: 11/56 [centaur/arrow (12)]
  6556 | D:8      | 6556 ||| READING 4 scrolls of teleportation.
  6557 | D:8      | 6557 ||| DRINKING potion of heal wounds.
  6560 | D:8      | 6560 ||| INVOKING Heroism.
  6629 | D:8      | 6629 ||| Stepping ~*~*~tactically~*~*~ (hiding).
  6630 | D:8      | 6630 ||| INVOKING Heroism.
  6691 | D:8      | 6691 ||| INVOKING Heroism.
  6716 | D:8      | Reached XP level 10. HP: 63/63 MP: 13/13
  6746 | D:8      | 6746 ||| Stepping ~*~*~tactically~*~*~ (stealth).
  6749 | D:8      | 6749 ||| Stepping ~*~*~tactically~*~*~ (stealth).
  6760 | D:8      | Reached *** piety under Okawaru
  6766 | D:8      | 6766 ||| INVOKING Heroism.
  6774 | D:8      | Reached skill level 10 in Axes
  6782 | D:8      | HP: 11/63 [yak (12)]
  6783 | D:8      | 6783 ||| READING 4 scrolls of teleportation.
  6783 | D:8      | HP: 4/63 [yak (8)]
  7022 | D:8      | You fall into a shaft and drop 2 floors!
  7022 | D:10     | Entered Level 10 of the Dungeon
  7025 | D:10     | 7025 ||| READING scroll labelled ALAALE TOUCW.
  7026 | D:10     | 7026 ||| DRINKING 2 fuming grey potions.
  7029 | D:10     | 7029 ||| DROPPING potion of degeneration.
  7031 | D:10     | Noticed a white ugly thing
  7032 | D:10     | 7032 ||| INVOKING Heroism.
  7036 | D:10     | HP: 14/64 [white ugly thing (8)]
  7036 | D:10     | Mangled by a white ugly thing

Levels and vault maps discovered:
D:1:      ldierk_walled_garden, layout_basic, serial_shops, shop
D:2:      layout_basic, serial_shops, shop, uniq_terence
D:3:      layout_basic, moated_statue, uniq_natasha
D:4:      layout_gridville, minmay_temple_entry_mist, portal_sewer_entry_d,
          uniq_ijyb
D:5:      layout_rooms
D:6:      layout_basic, uniq_menkaure
D:7:      layout_loops_ring, led_sif_pool
D:8:      layout_basic, nicolae_kite_square_tiling_tiny
D:10:     hangedman_cross_stitches, layout_loops_cross, uniq_snorg
Temple:   mainiacjoe_temple_trianglar_array

Skill      XL: |  1  2  3  4  5  6  7  8  9 10 |
---------------+-------------------------------+-----
Axes           | 2 3 4 5 6 7 8 9 10 | 10.1
Fighting       | 4 5 7 8 |  8.0
Armour         | 4 6 |  6.9
Dodging        | 1 |  1.7
Throwing       | 1 2 |  2.0
Invocations    | 3 4 |  4.3
Shields        | 4 |  4.3

Action                     |  1- 3 |  4- 6 |  7- 9 | 10-12 || total
---------------------------+-------+-------+-------+-------++-------
  Melee: War axe           |    60 |   204 |   277 |    86 ||   627
  Throw: Boomerang         |       |    75 |    81 |    17 ||   173
 Invoke: Heroism           |       |       |     8 |     2 ||    10
    Use: Scroll            |     5 |     4 |     7 |     2 ||    18
         Potion            |       |       |     5 |     1 ||     6
   Stab: Distracted        |       |       |     1 |       ||     1
 Armour: Scale mail        |    24 |       |       |       ||    24
         Plate armour      |     6 |   152 |   222 |   107 ||   487
  Dodge: Dodged            |    22 |    54 |    85 |    51 ||   212
  Block: Buckler           |     8 |    40 |    56 |    33 ||   137

Table legend:
 A = Non-vault XP
 B = Vault XP
 C = Vault XP percentage of total XP
 D = Non-vault monster count
 E = Vault monster count
 F = Vault count percentage of total count
                 A         B        C        D         E       F
            +---------+---------+-------+---------+---------+-------
      Total |    6287 |     780 |  11.0 |     168 |      50 |  22.9
            +---------+---------+-------+---------+---------+-------
        D:1 |      36 |       0 |   0.0 |      24 |       0 |   0.0
        D:2 |      34 |      36 |  51.4 |      17 |       1 |   5.6
        D:3 |     271 |      36 |  11.7 |      25 |       1 |   3.8
        D:4 |     253 |      49 |  16.2 |      14 |       2 |  12.5
        D:5 |     537 |       0 |   0.0 |       9 |       0 |   0.0
        D:6 |    1328 |     175 |  11.6 |      21 |       1 |   4.5
        D:7 |     719 |       0 |   0.0 |      19 |       0 |   0.0
        D:8 |    3109 |       0 |   0.0 |      39 |       0 |   0.0
       D:10 |       0 |     276 | 100.0 |       0 |       1 | 100.0
      Sewer |       0 |     208 | 100.0 |       0 |      44 | 100.0
            +---------+---------+-------+---------+---------+-------
